AoeStats
← Tai Lung

Arabia

507536100Analyzed
1v1 RM · 13d ago on Sep 18, 2026· 17m 48s· 2 players
Game mode
Random Map
Map size
Tiny (2 player)
Population
200
Speed
Normal
Resources
Standard
Victory
Conquest
Starting age
Dark Age
Ending age
Imperial Age
RankedLock teamsTeams togetherTeam positionsShared explorationLock speedFull tech treeHidden civsTurbo modeCheats
Victory
Defeat
🇭🇰 Malians · Hong Kong SAR China
1620
+11
🇦🇷 Chinese · Argentina
1504
-11
Tai Lung
0:25 Loom
9:15 Feudal Age
10:01 Double-Bit Axe
Cow
9:16 Feudal Age
9:36 Loom
9:22 Man-at-Arms
17:07 Fletching
17:16 Horse Collar
Connection lost

Rejoining the realm…

Still unreachable

The connection could not be restored.

Session expired

The server has moved on; the page needs a fresh start.